 Dungeon Crawl Stone Soup version 0.20.1-1-g8b1a95d (webtiles) character file.

197 bobthegiant the Ruffian (level 5, -2/41 HPs)
             Began as a Ghoul Warper on Dec 25, 2017.
             Was a Follower of Cheibriados.
             Slain by a phantom (7 damage)
             ... on level 4 of the Dungeon.
             The game lasted 00:12:04 (2800 turns).

bobthegiant the Ruffian (Ghoul Warper)              Turns: 2800, Time: 00:12:05

Health: -2/41      AC:  5    Str: 17    XL:     5   Next: 75%
Magic:  4/6        EV: 11    Int: 10    God:    Cheibriados [*.....]
Gold:   157        SH:  0    Dex: 11    Spells: 7/7 levels left

rFire    . . .     SeeInvis .     - Unarmed
rCold    + . .     Gourm    .   (no shield)
rNeg     + + +     Faith    .   k - +0 ring mail (curse)
rPois    ∞         Spirit   .   (no helmet)
rElec    .         Reflect  .   (no cloak)
rCorr    .         Harm     .   (no gloves)
MR       .....                  (no boots)
Stlth    +.........             (no amulet)
Regen    0.0/turn               (no ring)
MPRegen  0.1/turn               (no ring)

@: rotting, very slow
A: rotting body, claws 1, carnivore 3, cold resistance 1, negative energy
resistance 3, inhibited regeneration, torment resistance, unbreathing
a: Bend Time, Renounce Religion


You were on level 4 of the Dungeon.
You worshipped Cheibriados.
Cheibriados was aware of your devotion.
You were not hungry.

You visited 1 branch of the dungeon, and saw 4 of its levels.

You collected 157 gold pieces.

Inventory:

Hand Weapons
 b - a +0 blowgun
Missiles
 d - 5 tomahawks of dispersal (quivered)
 e - 145 stones
 s - 4 tomahawks
 v - 41 poisoned needles
 y - 4 curare-tipped needles
Armour
 a - a +0 leather armour
 k - a cursed +0 ring mail (worn)
Jewellery
 m - an uncursed ring of protection from cold {unknown}
 q - an uncursed ring of magical power {unknown}
Scrolls
 g - a scroll of immolation {unknown}
 i - a scroll of magic mapping {unknown}
 j - 7 scrolls of remove curse {unknown}
 o - a scroll of teleportation {unknown}
 p - a scroll of amnesia {unknown}
 r - a scroll of recharging {unknown}
 t - a scroll of enchant armour {unknown}
 w - a scroll of identify {unknown}
 x - 2 scrolls of enchant weapon {unknown}
Potions
 c - a potion of lignification {unknown}
Books
 u - a book of Spatial Translocations

   Spells                             Type                      Level
   a - Blink                          Translocation                2
   b - Shroud of Golubria             Charms/Translocation         2
   c - Lesser Beckoning               Translocation                3
   d - Gell's Gravitas                Translocation                3
   e - Teleport Other                 Translocation                3
   f - Passage of Golubria            Translocation                4
Comestibles
 f - a meat ration
 l - 3 royal jellies


   Skills:
 - Level 2.1 Fighting
 - Level 0.8 Throwing
 - Level 0.8 Armour
 - Level 1.7 Dodging
 + Level 6.3 Unarmed Combat
 - Level 1.7 Spellcasting
   Level 2.6 Translocations


You had 7 spell levels left.
You didn't know any spells.

Dungeon Overview and Level Annotations

Branches:
Dungeon (4/15)
 Temple: D:4-7

Altars:
Cheibriados
Vehumet

Annotations:
D:1 exclusion: downstairs
D:3 asishallab's ghost, amateur TrHu
D:4 exclusion: upstairs


Innate Abilities, Weirdness & Mutations

Your body is rotting away.
You thrive on raw meat.
You are immune to poison.
You have sharp fingernails.
You are carnivorous and can eat meat at any time.
Your flesh is cold resistant. (rC+)
You are immune to negative energy. (rN+++)
You do not regenerate when monsters are visible.
You are immune to unholy pain and torment.
You can survive without breathing.


Message History

The phantom hits you.
The phantom blinks!
The phantom hits you!
You are too injured to fight recklessly!
You are too injured to fight recklessly!
You are too injured to fight recklessly!
You scratch the phantom.
The phantom is heavily damaged.
The phantom hits you!
* * * LOW HITPOINT WARNING * * *
You miss the phantom.
The phantom is heavily damaged.
The phantom hits you.
* * * LOW HITPOINT WARNING * * *
You miss the phantom.
The phantom is heavily damaged.
The phantom barely misses you.
You scratch the phantom.
The phantom is severely damaged.
The phantom hits you!
You die...

.# .... #.##.. .... #
#.##.# .... #. #.##.#
.... #. ##.##.## ... #
##.# #...... ...
#.##...####..##.# ...
#....#.......##.####....
#..W@................
##....##.###...?...#.
#.#.###.# #########
#.#.# #.# #.#.# #.#
#...# #.# ###.# #.#
####.# #.# #....# #.#


You could see a phantom.

Vanquished Creatures
  A phantom (D:4)
  4 adders
  An adder skeleton (D:4)
  A worm (D:2)
  2 dart slugs (D:1)
  4 leopard geckos
  2 orcs (D:3)
  9 bats
  2 giant cockroaches
  7 goblins
  9 hobgoblins
  3 jackals (D:1)
  A quokka (D:3)
  A ball python (D:3)
  A ball python skeleton (D:4)
  3 frilled lizards
  5 kobolds
  3 rats
59 creatures vanquished.

Notes
Turn   | Place    | Note
-------+----------+-------------------------------------------
     0 | D:1      | bobthegiant the Ghoul Warper began the quest for the Orb.
     0 | D:1      | Reached XP level 1. HP: 17/17 MP: 2/2
   224 | D:1      | Reached skill level 3 in Unarmed Combat
   224 | D:1      | Reached XP level 2. HP: 24/24 MP: 3/3
   949 | D:1      | Reached XP level 3. HP: 26/29 MP: 4/4
   968 | D:2      | Noticed Jessica
   999 | D:2      | Reached skill level 4 in Unarmed Combat
  1197 | D:2      | Found a radiant altar of Vehumet.
  1197 | D:2      | Found a snail-covered altar of Cheibriados.
  1201 | D:2      | Became a worshipper of Cheibriados the Contemplative
  1257 | D:2      | Reached XP level 4. HP: 36/36 MP: 5/5
  1565 | D:3      | Reached skill level 5 in Unarmed Combat
  1719 | D:3      | Reached * piety under Cheibriados
  1944 | D:3      | Noticed asishallab's ghost (amateur TrHu)
  2043 | D:4      | Noticed a phantom
  2146 | D:4      | HP: 1/35 [phantom (4)]
  2518 | D:4      | Noticed a phantom
  2557 | D:4      | Killed a phantom
  2557 | D:4      | Reached skill level 6 in Unarmed Combat
  2557 | D:4      | Reached XP level 5. HP: 16/41 MP: 6/6
  2781 | D:4      | HP: 2/41 [phantom (7)]
  2800 | D:4      | Slain by a phantom

Skill      XL: |  1  2  3  4 |
---------------+-------------+-----
Unarmed Combat | 3 4 6 |  6.3
Fighting       | |  2.1
Throwing       | |  0.8
Armour         | |  0.8
Dodging        | |  1.7
Spellcasting   | |  1.7
Translocations | |  2.6

Action                   |  1- 3 |  4- 6 || total
-------------------------+-------+-------++-------
Melee: Unarmed           |   101 |   148 ||   249
       Punch             |     1 |     3 ||     4
Invok: Bend Time         |       |     1 ||     1
  Use: Potion            |       |     3 ||     3
       Scroll            |       |     1 ||     1
  Eat: Chunk             |    13 |    11 ||    24
Armor: Leather armour    |     3 |       ||     3
       Ring mail         |    41 |    49 ||    90
Dodge: Dodged            |    53 |    86 ||   139
